 Dungeon Crawl Stone Soup version 0.23-a0-636-g0ff6057 (webtiles) character file.

27110 galech the Cleaver (level 13, -1/99 (100) HPs)
             Began as a Demonspawn Fighter on Dec 28, 2018.
             Was the Champion of Okawaru.
             Succumbed to an orange demon's poison
             ... on level 2 of the Orcish Mines.
             The game lasted 00:20:37 (10696 turns).

galech the Cleaver (Demonspawn Fighter)            Turns: 10696, Time: 00:20:37

HP:   -1/99 (100)   AC:  9    Str: 16      XL:     13   Next: 2%
MP:   1/22          EV: 10    Int:  0 (5)  God:    Okawaru [******]
Gold: 1284          SH: 20    Dex: 18      Spells: 12/12 levels left

rFire    . . .     SeeInvis .   q - +5 hand axe (venom)
rCold    . . .     Gourm    .   F - +0 large shield
rNeg     + . .     Faith    .   P - +8 chain mail of Free Will {rCorr Int-4 Slay+5}
rPois    +         Spirit   +   v - +2 helmet
rElec    .         Reflect  .   G - +2 ratskin cloak {+Rats rPois rN+ Str-1 Int-1 Dex+1}
rCorr    +         Harm     .   X - +0 pair of gloves of Disaster {MR+ rCorr}
MR       +....                  u - +1 pair of boots {Stlth+}
Stlth    ++........             w - amulet of regeneration
HPRegen  0.66/turn              K - ring of magical power
MPRegen  0.36/turn              J - +3 ring of protection

@: lethally poisoned (-1 -> -8), heroism, corroded, slowed, lost intelligence,
very slow
A: hooves 2, yellow scales 1, low mp 1, powered by pain 1, magic shield, magic
regeneration, magic link
a: Heroism, Finesse, Renounce Religion, Evoke Ratskin


You were on level 2 of the Orcish Mines.
You worshipped Okawaru.
Okawaru was exalted by your worship.
You were not hungry.

You visited 3 branches of the dungeon, and saw 14 of its levels.

You collected 1515 gold pieces.
You spent 231 gold pieces at shops.

Inventory:

Hand Weapons
 a - a +0 war axe
 q - a +5 hand axe of venom (weapon)
Armour
 p - a +2 robe of fire resistance
 u - a +1 pair of boots of stealth (worn)
 v - a +2 helmet (worn)
 D - a scarf of cloud immunity
 F - a +0 large shield (worn)
 G - the +2 ratskin cloak (worn) {+Rats rPois rN+ Str-1 Int-1 Dex+1}
   (You found it on level 6 of the Dungeon)

   It affects your strength (-1).
   It affects your intelligence (-1).
   It affects your dexterity (+1).
   It protects you from poison.
   It protects you from negative energy.
 P - the +8 chain mail of Free Will (worn) {rCorr Int-4 Slay+5}
   (You found it on level 10 of the Dungeon)

   It affects your intelligence (-4).
   It affects your accuracy and damage with ranged weapons and melee attacks
   (+5).
   It provides partial protection from all sources of acid and corrosion.
 Q - a +1 robe of cold resistance
 X - the +0 pair of gloves of Disaster (worn) {MR+ rCorr}
   (Okawaru gifted it to you on level 1 of the Orcish Mines)

   It affects your resistance to hostile enchantments.
   It provides partial protection from all sources of acid and corrosion.
Jewellery
 o - an uncursed amulet of the gourmand
 w - an amulet of regeneration (around neck)
 x - an uncursed ring of see invisible
 E - an uncursed ring of flight
 J - a +3 ring of protection (right hand)
 K - a ring of magical power (left hand)
 W - a +3 ring of intelligence
Wands
 c - a wand of digging (6)
 y - a wand of iceblast (34)
 B - a wand of polymorph (9)
 O - a wand of clouds (3)
 T - a wand of paralysis (9)
Scrolls
 b - 6 scrolls of enchant armour
 g - 2 scrolls of fog
 h - 5 scrolls of remove curse
 i - 3 scrolls of blinking
 k - a scroll of holy word
 l - 3 scrolls of amnesia
 r - 3 scrolls of teleportation
 H - a scroll of immolation {unknown}
 I - 2 scrolls of fear
 M - 2 scrolls of magic mapping {unknown}
 V - a scroll of torment {unknown}
Potions
 d - 3 potions of might
 e - 4 potions of magic {unknown}
 j - 5 potions of curing {unknown}
 m - 2 potions of flight {unknown}
 n - a potion of mutation {unknown}
 s - a potion of cancellation {unknown}
 t - 7 potions of agility
 z - 2 potions of brilliance {unknown}
 A - a potion of haste {unknown}
 C - a potion of invisibility {unknown}
 N - 3 potions of heal wounds {unknown}
 R - 2 potions of ambrosia {unknown}
 S - a potion of resistance {unknown}
 U - a potion of lignification {unknown}
Comestibles
 f - 24 rations


   Skills:
 + Level 8.8(13.8) Fighting
 + Level 12.6(17.6) Axes
 + Level 8.3(13.3) Armour
 + Level 3.4(8.4) Dodging
 + Level 1.9(6.9) Stealth
 + Level 11.0(16.0) Shields
 + Level 3.0 Invocations
 + Level 0.1 Evocations


You had 12 spell levels left.
You didn't know any spells.
Your spell library contained the following spells:

 Spells                   Type           Power        Failure   Level  Hunger
 Apportation              Tloc           #.....       100%        1    ##.....
 Swiftness                Chrm/Air       #.......     100%        2    ###....
 Controlled Blink         Tloc           N/A          100%        8    #######
 Tornado                  Air            #.........   100%        9    #######


Dungeon Overview and Level Annotations

Branches:
Dungeon (11/15)            Temple (1/1) D:6            Lair (0/6) D:8
    Orc (2/2) D:11
    Elf: Orc:2

Altars:
Cheibriados
Dithmenos
Fedhas
Makhleb
Nemelex Xobeh
Okawaru
Qazlal
Trog
The Shining One
Beogh

Shops:
D:4 %   D:8 (   Orc:2 !!


Innate Abilities, Weirdness & Mutations

You have hoof-like feet.
You are partially covered in yellow scales. (AC +2)
You sometimes gain a little power by taking damage.
When hurt, damage is shared between your health and your magic reserves.
You regenerate magic rapidly.
When low on magic, you restore magic in place of health.
Your magical capacity is low. (-10% MP)


Message History

You hit the neqoxec but do no damage.
You hit the shadow imp but do no damage.
You hit the crimson imp but do no damage.
You closely miss the hellwing. The neqoxec gestures at you.
Strange energies course through your body.
You feel less energetic.
You block the hellwing's attack. x2; The orange demon stings you from afar.
* * * LOW HITPOINT WARNING * * *
You are lethally poisoned!
The orange demon poisons you!
The orc high priest hits you with a +0 halberd.
You block the crimson imp's attack. You block the neqoxec's attack.
The hellwing hits you but does no damage. x2
You hit the orc high priest but do no damage.
The orc high priest is severely wounded.
You miss the neqoxec. You hit the quasit but do no damage.
You hit the crimson imp but do no damage.
You hit the hellwing but do no damage.
You die...

#.....#3##
##..#.....#
#.......#
##.....#.∩##
#.#.##
##....#...##
#..)##
##...#....##
##...##
##........##
##...##
##...###..##
##...###...###..##
##..4#5..###..##
##.#@#5###..#
##o35###..#
##4###..# ### ..#


You could see an orc high priest, an orange demon, a hellwing, a neqoxec, a
quasit and a crimson imp.

Vanquished Creatures
  The ghost of Ratty the Sculptor of Flesh, a novice MiFi of Yredelemnul (D:9)
  3 two-headed ogres
  The ghost of TheNamelessOne the Thaumaturge, a journeyman OpIE of Vehumet (D:11)
  4 orc high priests (Orc:2)
  2 sun demons (Orc:2)
  2 gelid demonspawn (Orc:2)
  4 orc knights (Orc:2)
  5 orc sorcerers
  An ugly thing (D:11)
  Joseph (D:10)
  A rust devil (Orc:2)
  A gargoyle (D:10)
  A hellwing (Orc:2)
  2 red devils (Orc:2)
  2 trolls
  Grinder (D:3)
  2 hippogriffs
  Sigmund (D:6)
  14 yaks
  2 wyverns
  6 wargs
  30 orc warriors
  4 sky beasts
  A black bear (D:8)
  3 ice beasts
  2 necrophages
  A hornet zombie (D:7)
  17 ogres
  2 phantoms
  4 centaurs
  A big kobold (D:8)
  A gnoll sergeant (D:10)
  5 bullfrogs
  A wyvern skeleton (D:7)
  A scorpion (D:8)
  5 killer bees (D:5)
  2 electric eels (Orc:1)
  2 howler monkeys
  3 crimson imps
  A bullfrog zombie (D:10)
  A quasit (D:11)
  3 jellies
  25 orc priests
  3 hounds
  26 orc wizards
  2 bullfrog skeletons
  A gnoll shaman (D:9)
  4 iguanas
  A hell rat (D:6)
  14 worker ants
  A hound zombie (D:6)
  3 hound skeletons
  A howler monkey zombie (D:8)
  A worker ant zombie (D:7)
  12 gnolls
  15 adders
  6 river rats (D:6)
  2 shadow imps
  2 oozes
  2 adder skeletons
  3 worms
  4 dart slugs
  12 leopard geckos
  71 orcs
  6 giant cockroaches
  8 goblins
  6 hobgoblins
  5 jackals
  2 quokkas
  A ball python skeleton (D:6)
  8 bats
  4 frilled lizards
  18 kobolds
  A leopard gecko skeleton (D:7)
  A quokka zombie (D:7)
  17 rats
  2 butterflies (D:9)
437 creatures vanquished.

Vanquished Creatures (others)
  An orc wizard (Orc:1)
1 creature vanquished.

Grand Total: 438 creatures vanquished

Notes
Turn   | Place    | Note
-------+----------+-------------------------------------------
     0 | D:1      | galech the Demonspawn Fighter began the quest for the Orb.
     0 | D:1      | Reached XP level 1. HP: 18/18 MP: 1/1
   222 | D:1      | Gained mutation: When hurt, damage is shared between your
                  | health and your magic reserves. [demonic ancestry]
   222 | D:1      | Reached XP level 2. HP: 24/24 MP: 2/2
   661 | D:1      | Reached skill level 2 in Axes
   692 | D:2      | You fall through a shaft!
   719 | D:3      | Reached XP level 3. HP: 26/29 MP: 3/3
  1185 | D:2      | Gained mutation: You regenerate magic rapidly. [demonic
                  | ancestry]
  1185 | D:2      | Reached XP level 4. HP: 35/35 MP: 4/4
  1440 | D:3      | Reached skill level 3 in Axes
  1440 | D:3      | Gained mutation: You have large cloven feet. [demonic
                  | ancestry]
  1440 | D:3      | Reached XP level 5. HP: 42/42 MP: 5/5
  1845 | D:3      | Noticed Grinder
  2196 | D:3      | Killed Grinder
  2196 | D:3      | Reached skill level 4 in Axes
  2196 | D:3      | Reached XP level 6. HP: 44/48 MP: 6/6
  2236 | D:4      | Noticed a sky beast
  2244 | D:4      | Killed a sky beast
  2244 | D:4      | Gained mutation: When low on magic, you restore magic in
                  | place of health. [demonic ancestry]
  2244 | D:4      | Reached XP level 7. HP: 55/55 MP: 7/7
  2326 | D:4      | Reached skill level 1 in Dodging
  2400 | D:4      | Reached skill level 5 in Axes
  2490 | D:4      | Found Tuoshro's Food Boutique.
  2709 | D:4      | Reached skill level 1 in Stealth
  2881 | D:5      | Entered Level 5 of the Dungeon
  2887 | D:5      | Reached XP level 8. HP: 61/61 MP: 8/8
  2941 | D:5      | Reached skill level 5 in Shields
  3205 | D:5      | Reached skill level 5 in Armour
  3714 | D:6      | Noticed Sigmund
  3719 | D:6      | Reached skill level 6 in Axes
  3741 | D:6      | Killed Sigmund
  3794 | D:6      | Found a staircase to the Ecumenical Temple.
  3818 | Temple   | Entered the Ecumenical Temple
  3827 | Temple   | Became a worshipper of Warmaster Okawaru
  3894 | D:6      | Gained mutation: You are partially covered in yellow
                  | scales. (AC +2) [demonic ancestry]
  3894 | D:6      | Reached XP level 9. HP: 59/67 MP: 9/9
  4146 | D:6      | Found the +2 ratskin cloak {+Rats rPois rN+ Str-1 Int-1
                  | Dex+1}
  4238 | D:6      | Reached * piety under Okawaru
  4287 | D:6      | Reached skill level 7 in Axes
  4298 | D:6      | Reached skill level 5 in Fighting
  4667 | D:7      | Reached skill level 1 in Invocations
  4675 | D:7      | Reached ** piety under Okawaru
  5267 | D:8      | Found a staircase to the Lair.
  5292 | D:8      | Found Tetyhowi's Antique Weapon Shoppe.
  5304 | D:8      | Bought a runed broad axe for 231 gold pieces
  5316 | D:8      | Reached skill level 8 in Axes
  5361 | D:8      | Reached XP level 10. HP: 76/76 MP: 11/11
  5378 | D:8      | Found a glowing golden altar of the Shining One.
  5531 | D:8      | Reached *** piety under Okawaru
  6230 | D:9      | Found a runed door.
  6408 | D:9      | Reached **** piety under Okawaru
  6451 | D:9      | Reached skill level 9 in Axes
  6518 | D:9      | Found a runed door.
  6535 | D:9      | Found a runed door.
  6724 | D:9      | Noticed Ratty's ghost (novice MiFi)
  6816 | D:9      | Killed Ratty's ghost
  7010 | D:10     | Entered Level 10 of the Dungeon
  7098 | D:10     | Got a warped chain mail
  7109 | D:10     | Identified the +8 chain mail of Free Will {rCorr Int-4
                  | Slay+5} (You found it on level 10 of the Dungeon)
  7135 | D:10     | Gained mutation: You have hoof-like feet. [demonic
                  | ancestry]
  7135 | D:10     | Reached XP level 11. HP: 77/83 MP: 12/12
  7227 | D:10     | Identified the Papyrus of Dominance
  7464 | D:10     | Noticed Joseph
  7479 | D:10     | Killed Joseph
  7524 | D:10     | Reached skill level 10 in Axes
  7699 | D:10     | Reached ***** piety under Okawaru
  7784 | D:11     | Noticed a two-headed ogre
  7792 | D:11     | Killed a two-headed ogre
  7832 | D:11     | Noticed a red ugly thing
  7844 | D:11     | Killed a red ugly thing
  8020 | D:11     | Noticed a two-headed ogre
  8034 | D:11     | Killed a two-headed ogre
  8087 | D:11     | Found a staircase to the Orcish Mines.
  8142 | D:11     | Noticed TheNamelessOne's ghost (journeyman OpIE)
  8144 | D:11     | Found a runed gate.
  8145 | D:11     | Found a runed gate.
  8146 | D:11     | Found a runed gate.
  8355 | D:11     | Found a roughly hewn altar of Beogh.
  8593 | D:11     | Killed TheNamelessOne's ghost
  8734 | Orc:1    | Entered Level 1 of the Orcish Mines
  8761 | Orc:1    | Noticed an orc sorcerer
  8770 | Orc:1    | Killed an orc sorcerer
  8770 | Orc:1    | Reached skill level 11 in Axes
  8838 | Orc:1    | Noticed a two-headed ogre
  8849 | Orc:1    | Killed a two-headed ogre
  8849 | Orc:1    | Reached skill level 10 in Shields
  9025 | Orc:1    | Received a gift from Okawaru
  9039 | Orc:1    | Got a pair of ancient gloves {god gift}
  9059 | Orc:1    | Gained mutation: You sometimes gain a little power by
                  | taking damage. [demonic ancestry]
  9059 | Orc:1    | Reached XP level 12. HP: 87/91 MP: 13/13
  9088 | Orc:1    | Identified the +0 pair of gloves of Disaster {MR+ rCorr}
                  | (Okawaru gifted it to you on level 1 of the Orcish Mines)
  9538 | Orc:2    | Entered Level 2 of the Orcish Mines
  9945 | Orc:2    | Found Cazunime's Distillery.
 10053 | Orc:2    | Found Mycved's Distillery.
 10256 | Orc:2    | Reached skill level 12 in Axes
 10351 | Orc:2    | Reached ****** piety under Okawaru
 10394 | Orc:2    | Noticed an orc high priest
 10394 | Orc:2    | Noticed an orc high priest
 10394 | Orc:2    | Noticed an orc high priest
 10411 | Orc:2    | Killed an orc high priest
 10411 | Orc:2    | Received a gift from Okawaru
 10451 | Orc:2    | Noticed an orc high priest
 10454 | Orc:2    | Killed an orc high priest
 10464 | Orc:2    | Killed an orc high priest
 10487 | Orc:2    | Noticed an orc high priest
 10530 | Orc:2    | Killed an orc high priest
 10605 | Orc:2    | Lost intelligence.
 10629 | Orc:2    | Reached XP level 13. HP: 97/99 MP: 15/15
 10689 | Orc:2    | HP: 3/99 [orc high priest/divine providence (8)]
 10695 | Orc:2    | Gained mutation: Your magical capacity is low. (-10% MP) [a
                  | neqoxec]
 10695 | Orc:2    | HP: 1/99 [orange demon[an orc high priest] (1)]
 10696 | Orc:2    | Succumbed to an orange demon's poison

Vault maps used:
D:1:      dpeg_arrival_shelter
D:2:      minmay_tree_intersection
D:3:      uniq_grinder
D:4:      serial_shops, shop, guppyfry_early_orc_mine
D:5:      first_ration
D:6:      wander_guarded_unrand_ratskin, temple_pool_b, uniq_sigmund
D:8:      tso_metal_star, lair_entry_dummy, serial_shops, shop
D:9:      lemuel_insect_pit, ebering_ghost_reflecting_pool, grunt_ogre_cave,
          grunt_ministairs_2, kennysheep_generic_room_13
D:10:     bh_walls_and_bars, uniq_joseph
D:11:     orc_0_dummy, biasface_ghost_orc_armoury
Temple:   grunt_wide_crystal_templ
Orc:1:    nicolae_orc_stony_grotto, nooodl_orcs_dogs
Orc:2:    pf_orc_diabolical

Skill      XL: |  1  2  3  4  5  6  7  8  9 10 11 12 |
---------------+-------------------------------------+-----
Shields        | 3 4 5 7 8 10 11 | 11.0
Axes           | 2 3 4 5 6 8 9 11 12 | 12.6
Armour         | 3 4 5 6 7 8 |  8.3
Fighting       | 4 6 7 8 |  8.8
Dodging        | 1 2 3 |  3.4
Stealth        | 1 |  1.9
Invocations    | 1 2 3 |  3.0
Evocations     | |  0.1

Action                   |  1- 3 |  4- 6 |  7- 9 | 10-12 | 13-15 || total
-------------------------+-------+-------+-------+-------+-------++-------
Melee: War axe           |   100 |    30 |       |       |       ||   130
       Hand axe          |       |   121 |   375 |  1004 |    64 ||  1564
       Kick              |       |     1 |       |       |       ||     1
Invok: Heroism           |       |       |     1 |    16 |     2 ||    19
 Abil: Evoke Ratskin     |       |       |     1 |       |       ||     1
  Use: Scroll            |       |       |    13 |     1 |       ||    14
       Potion            |       |       |     1 |       |       ||     1
  Eat: Chunk             |     1 |     4 |    11 |    15 |       ||    31
       Ration            |       |       |       |     1 |       ||     1
Armor: Scale mail        |    13 |       |       |       |       ||    13
       Chain mail        |    54 |    76 |    33 |   203 |    30 ||   396
       Plate armour      |       |       |   158 |   161 |       ||   319
Dodge: Dodged            |    29 |    27 |    35 |    93 |    13 ||   197
Block: Shield            |    55 |    72 |    82 |       |       ||   209
       Large shield      |       |       |   158 |   619 |    79 ||   856

Table legend:
 A = Non-vault XP
 B = Vault XP
 C = Vault XP percentage of total XP
 D = Non-vault monster count
 E = Vault monster count
 F = Vault count percentage of total count
                 A         B        C        D         E       F
            +---------+---------+-------+---------+---------+-------
      Total |   18358 |   20371 |  52.6 |     309 |     127 |  29.1
            +---------+---------+-------+---------+---------+-------
        D:1 |      36 |       0 |   0.0 |      16 |       0 |   0.0
        D:2 |     145 |       0 |   0.0 |      32 |       0 |   0.0
        D:3 |     167 |     272 |  62.0 |      28 |       1 |   3.4
        D:4 |     577 |     228 |  28.3 |      15 |       7 |  31.8
        D:5 |     741 |       0 |   0.0 |      15 |       0 |   0.0
        D:6 |    1404 |     353 |  20.1 |      29 |      22 |  43.1
        D:7 |    1201 |       0 |   0.0 |      22 |       0 |   0.0
        D:8 |    1811 |       0 |   0.0 |      39 |       0 |   0.0
        D:9 |    1587 |    1687 |  51.5 |      29 |      19 |  39.6
       D:10 |    3315 |     475 |  12.5 |      27 |       1 |   3.6
       D:11 |    3912 |    1516 |  27.9 |      26 |      13 |  33.3
      Orc:1 |    3344 |    1228 |  26.9 |      30 |      12 |  28.6
      Orc:2 |     118 |   14612 |  99.2 |       1 |      52 |  98.1
            +---------+---------+-------+---------+---------+-------
